 Dungeon Crawl Stone Soup version 0.23-a0-582-g1b4a0ca (webtiles) character file.

58989 MisterFreud the Spry (level 15, -9/101 HPs)
             Began as a Kobold Berserker on Dec 16, 2018.
             Was a High Priest of Trog.
             Shot with an arrow by a centaur warrior (20 damage)
             ... on level 14 of the Dungeon.
             The game lasted 00:49:57 (22734 turns).

MisterFreud the Spry (Kobold Berserker)            Turns: 22734, Time: 00:49:58

Health: -9/101     AC: 11    Str: 17    XL:     15   Next: 32%
Magic:  0/22       EV: 29    Int:  8    God:    Trog [*****.]
Gold:   868        SH:  7    Dex: 19    Spells: 14/14 levels left

rFire    + + .     SeeInvis .   V - +7 short sword of Qumoryse {venom, rF+}
rCold    . . .     Gourm    .   o - +0 buckler
rNeg     + . .     Faith    .   x - +1 leather armour of Sif Muna's Hatred {Slay+6 Stlth+}
rPois    .         Spirit   +   I - +2 hat of the Bear Spirit {Spirit, +Rage rN+ MR++}
rElec    .         Reflect  .   Y - +1 cloak
rCorr    .         Harm     .   z - +2 pair of gloves
MR       +++++                  (no boots)
Stlth    +++++.....             R - amulet of regeneration
HPRegen  1.66/turn              Q - ring of protection from magic
MPRegen  0.18/turn              e - ring of protection from fire

@: marked, berserk cooldown, regenerating, slowed, very slow
A: small, carnivore
a: Berserk, Trog's Hand, Brothers in Arms, Renounce Religion, Evoke Berserk Rage


You were on level 14 of the Dungeon.
You worshipped Trog.
Trog was extremely pleased with you.
You were full.

You visited 3 branches of the dungeon, and saw 22 of its levels.
You also visited: Gauntlet and Ice Cave.

You collected 1259 gold pieces.
You spent 391 gold pieces at shops.

Inventory:

Hand Weapons
 a - a +0 short sword
 i - a +2 short sword of electrocution
 p - the +6 mace of the Lost Queens {antimagic, Str+4}
   (You found it on level 5 of the Dungeon)

   It reduces the magical energy of the wielder, and disrupts the spells and
   magical abilities of those hit.
   Natural abilities and divine invocations are not affected.
   It affects your strength (+4).
 s - a +0 rapier
 y - a +0 hunting sling of flaming
 L - a +0 antimagic rapier
 V - the +7 short sword of Qumoryse (weapon) {venom, rF+}
   (Trog gifted it to you on level 6 of the Lair of Beasts)

   It poisons the flesh of those it strikes.
   It protects you from fire.
Missiles
 h - 5 throwing nets (quivered)
Armour
 o - a +0 buckler (worn)
 x - the +1 leather armour of Sif Muna's Hatred (worn) {Slay+6 Stlth+}
   (You found it on level 2 of the Lair of Beasts)

   It affects your accuracy and damage with ranged weapons and melee attacks
   (+6).
   It makes you more stealthy.
 z - a +2 pair of gloves (worn)
 D - a +0 shield
 I - the +2 hat of the Bear Spirit (worn) {Spirit, +Rage rN+ MR++}
   (You bought it in a shop on level 8 of the Dungeon)

   It protects you from negative energy.
   It affects your resistance to hostile enchantments.
   It lets you go berserk.
 Y - a +1 cloak (worn)
Jewellery
 e - a ring of protection from fire (right hand)
 k - an uncursed ring of resist corrosion
 A - an uncursed ring of stealth
 F - an uncursed ring of poison resistance
 Q - a ring of protection from magic (left hand)
 R - an amulet of regeneration (around neck)
Wands
 b - a wand of flame (60)
 d - a wand of acid (9)
 l - a wand of random effects (56)
 G - a wand of iceblast (8)
 H - a wand of polymorph (8)
 M - a wand of clouds (1)
Scrolls
 f - 15 scrolls of remove curse
 j - 3 scrolls of teleportation
 q - a scroll of noise {unknown}
 u - 2 scrolls of magic mapping
 C - a scroll of vulnerability {unknown}
 N - 2 scrolls of torment {unknown}
 O - a scroll of fear
 X - a scroll of brand weapon {unknown}
 Z - a scroll of enchant weapon
Potions
 g - 5 potions of curing
 m - 3 potions of agility
 n - 3 potions of heal wounds
 r - a potion of resistance
 t - a potion of invisibility
 v - 3 potions of brilliance
 w - 8 potions of mutation
 B - 2 potions of lignification
 E - a potion of cancellation
 J - 3 potions of flight
 K - 3 potions of might
 P - a potion of haste
 S - a potion of ambrosia {unknown}
 T - a potion of berserk rage {unknown}
Miscellaneous
 U - a phantom mirror
Comestibles
 c - 41 rations


   Skills:
 + Level 14.9 Fighting
 - Level 14.3 Short Blades
 - Level 1.5 Armour
 - Level 16.0 Dodging
 - Level 10.1 Stealth
 - Level 5.7 Shields
 - Level 10.1 Evocations


You had 14 spell levels left.
You didn't know any spells.
Your spell library was empty.

Dungeon Overview and Level Annotations

Branches:
Dungeon (15/15)            Temple (0/1) D:5            Lair (6/6) D:11
 Shoals (1/4) Lair:3        Snake (0/4) Lair:2        Slime (0/5) Lair:6
    Orc (0/2) D:11
 Vaults: D:13-14     Depths: D:15

Altars:
Cheibriados
Elyvilon
Gozag
Qazlal
The Shining One
Jiyva

Shops:
D:8 [   D:10 **%

Annotations:
D:6 2 transporters
D:10 3 runed doors, Lavandula's ghost, novice HaEn
D:12 3 runed doors, MisterFreud's ghost, journeyman FeBe
Lair:1 1 runed door, Ontamu's ghost, journeyman DEFE
Lair:3 3 runed doors, melvinkitnick's ghost, journeyman DsMo


Innate Abilities, Weirdness & Mutations

You are small and have problems with some larger weapons.
You are carnivorous and can eat meat at any time.


Message History

You destroy the centaur warrior skeleton!
Trog accepts your kill.
The centaur warrior shoots an arrow.
The arrow closely misses you.
The centaur warrior is engulfed in blazing flames.
The centaur warrior shoots an arrow.
The arrow completely misses you.
Evoke which item? (* to show all) (? for menu, Esc to quit)
Okay, then.
Unknown command.
The centaur warrior is engulfed in blazing flames.
The centaur warrior shoots an arrow.
The arrow hits you!!
* * * LOW HITPOINT WARNING * * *
The arrow burns you.
* * * LOW HITPOINT WARNING * * *
The centaur warrior is engulfed in blazing flames.
The centaur warrior shoots an arrow.
You block the arrow.
The centaur warrior shoots an arrow.
You block the arrow.
The centaur unwields a +0 shortbow.
The centaur completely misses you.
The centaur warrior is engulfed in blazing flames.
The centaur warrior shoots an arrow.
The arrow hits you!!
You die...

*,,*,,,* #..,,*#........,,*******
*,,,*,,* #..,,++........,,,,,,,,,
*,,*,,,*##§§.,*#.......#,*,*,*,*,
+,,**,,+.a§§§,,+........,,,,,,,,,
+,,**,,+.g§§§§*#....(...*,*,*,*,*
*,,,,,,*##§§§§##........,,,,,,,,,
*,,,,,,*#.§§§c§†)..#######***,,**
********#...§c§(....(.....,,,,**
** ***#....c†.@.........***** ,*
*,,.........c.(......* ,*
*,*##########'######**
,*****,*****##.........#
,≈≈≈≈≈≈≈≈≈≈≈≈≈.........#
,≈≈≈≈≈≈≈≈≈≈≈≈≈.........#
,≈≈≈≈≈≈≈≈≈≈≈≈≈.........#
,≈≈≈≈≈≈≈≈≈≈≈≈≈.........#####*****
,≈≈≈≈≈≈≈≈≈≈≈≈≈.....#........,,,,,


You could see 3 centaur warriors, a centaur, a boggart and a worker ant.

Vanquished Creatures
  A frost giant (IceCv)
  Azrael (D:12)
  A fire dragon (Lair:6)
  4 hydras
  Harold (Lair:2)
  3 two-headed ogres
  A centaur warrior (D:15)
  A queen ant (D:11)
  Urug (Lair:3)
  An unseen horror (D:12)
  A deep troll (D:15)
  A lindwurm (Lair:6)
  A wizard (D:15)
  4 ugly things
  5 manticores
  7 elephants
  An ice statue (IceCv)
  Maurice (D:9)
  4 black mambas
  3 molten gargoyles (Lair:6)
  4 spiny frogs
  5 centaur skeletons
  9 komodo dragons
  3 trolls
  13 polar bears (IceCv)
  8 dream sheep
  5 hippogriffs
  15 blink frogs
  A meliai zombie (D:15)
  A vampire (D:10)
  A shadow (D:11)
  3 wyverns
  39 yaks
  2 fire elementals (D:12)
  2 vampire mosquitoes (D:15)
  7 basilisks
  A hungry ghost (D:7)
  3 steam dragons
  Menkaure (D:5)
  3 acid dragons
  4 nagas (Lair:2)
  5 soldier ants
  15 water moccasins
  6 hell hounds
  8 porcupines
  15 ice beasts
  8 orc warriors
  7 sky beasts
  3 hornet zombies
  6 necrophages (D:11)
  3 phantoms
  4 ogres
  9 wolves (IceCv)
  An eye of draining (D:9)
  7 centaurs
  9 crocodiles
  3 big kobolds (D:11)
  12 bullfrogs
  5 scorpions
  8 killer bees
  8 howler monkeys
  25 wights
  2 electric eels (Lair:1)
  6 crimson imps
  4 lava snakes (Lair:6)
  A centaur zombie (D:9)
  A quasit (D:6)
  3 bullfrog zombies
  9 hounds
  3 bullfrog skeletons
  A jelly (D:10)
  Crazy Yiuf (D:5)
  11 orc priests
  10 orc wizards
  4 iguanas
  24 worker ants
  A killer bee zombie (D:10)
  A hound zombie (D:11)
  A hound skeleton (D:5)
  2 mummies (D:11)
  7 gnolls
  A worker ant zombie (D:5)
  8 adders
  2 shadow imps
  3 oozes
  An adder zombie (D:6)
  2 adder skeletons
  3 worms
  A dart slug (D:2)
  7 leopard geckos
  37 orcs
  5 giant cockroaches
  4 goblins
  A hobgoblin (D:1)
  7 jackals
  6 kobolds
  4 quokkas
  3 bats
  2 frilled lizards
  A jackal zombie (D:7)
  2 leopard gecko skeletons
  A leopard gecko zombie (D:6)
  A quokka skeleton (D:5)
  4 rats
  A plant (D:11)
539 creatures vanquished.

Vanquished Creatures (collateral kills)
  4 ugly things (D:14)
  A kobold demonologist (D:10)
  5 yaks
  A wyvern zombie (D:14)
  A crimson imp (D:14)
12 creatures vanquished.

Vanquished Creatures (others)
  4 fungi
  7 plants
  A withered plant (D:11)
12 creatures vanquished.

Grand Total: 563 creatures vanquished

Notes
Turn   | Place    | Note
-------+----------+-------------------------------------------
     0 | D:1      | MisterFreud the Kobold Berserker began the quest for the
                  | Orb.
     0 | D:1      | Reached XP level 1. HP: 14/14 MP: 1/1
   276 | D:1      | Reached skill level 1 in Stealth
   394 | D:1      | Reached XP level 2. HP: 19/19 MP: 2/2
  1239 | D:2      | Reached skill level 5 in Short Blades
  1239 | D:2      | Reached XP level 3. HP: 23/23 MP: 3/3
  2203 | D:3      | Reached XP level 4. HP: 17/28 MP: 4/4
  2408 | D:3      | Reached ** piety under Trog
  2526 | D:3      | HP: 1/42 [iguana (10)]
  2530 | D:3      | Reached XP level 5. HP: 1/32 MP: 5/5
  3628 | D:4      | Reached XP level 6. HP: 17/37 MP: 6/6
  4465 | D:5      | Entered Level 5 of the Dungeon
  4498 | D:5      | Reached skill level 5 in Stealth
  4857 | D:5      | Found a runed door.
  4858 | D:5      | Got a steaming mace
  4859 | D:5      | Identified the +6 mace of the Lost Queens {antimagic,
                  | Str+4} (You found it on level 5 of the Dungeon)
  4903 | D:5      | Noticed Crazy Yiuf
  4907 | D:5      | Killed Crazy Yiuf
  4907 | D:5      | Reached XP level 7. HP: 41/41 MP: 7/7
  4950 | D:5      | Found a staircase to the Ecumenical Temple.
  5284 | D:5      | Reached skill level 1 in Shields
  5330 | D:5      | Noticed Menkaure
  5342 | D:5      | Killed Menkaure
  5352 | D:5      | Reached XP level 8. HP: 46/46 MP: 8/8
  5603 | D:5      | Reached skill level 10 in Short Blades
  5845 | D:6      | Found a transporter.
  5873 | D:6      | Reached *** piety under Trog
  5927 | D:6      | Found a transporter.
  6129 | D:6      | Found a glowing golden altar of the Shining One.
  6500 | D:7      | Reached XP level 9. HP: 50/51 MP: 9/9
  7379 | D:7      | Found an opulent altar of Gozag.
  7379 | D:7      | Found a snail-covered altar of Cheibriados.
  7384 | D:7      | Found a glowing golden altar of the Shining One.
  7386 | D:7      | Found a faded altar of an unknown god.
  7388 | D:7      | Found a stormy altar of Qazlal.
  7882 | D:7      | Reached **** piety under Trog
  8213 | D:7      | Reached skill level 10 in Stealth
  8213 | D:7      | Reached XP level 10. HP: 49/56 MP: 10/10
  8266 | D:8      | Reached skill level 5 in Shields
  8530 | D:8      | Reached skill level 1 in Evocations
  8808 | D:8      | Reached skill level 5 in Evocations
  8926 | D:8      | Found Baaqopos's Armour Boutique.
  9430 | D:9      | Reached skill level 5 in Fighting
  9620 | D:9      | Noticed Maurice
  9638 | D:9      | Killed Maurice
  9881 | D:9      | Reached XP level 11. HP: 67/67 MP: 15/15
 10032 | D:9      | Reached skill level 3 in Dodging
 10195 | D:10     | Entered Level 10 of the Dungeon
 10195 | D:10     | Found Saux's Assorted Antiques.
 10196 | D:10     | Found Yskahoz's General Store.
 10203 | D:10     | Found Othatz's Food Emporium.
 10219 | D:10     | Reached skill level 4 in Dodging
 10231 | D:10     | Reached skill level 5 in Dodging
 10245 | D:10     | Reached skill level 6 in Dodging
 10511 | D:10     | Found a runed gate.
 10590 | D:10     | Reached skill level 7 in Dodging
 10808 | D:10     | Reached skill level 8 in Dodging
 11170 | D:11     | Found a staircase to the Orcish Mines.
 11172 | D:11     | Noticed a two-headed ogre
 11250 | D:10     | Reached skill level 9 in Dodging
 11758 | D:10     | Found an opulent altar of Gozag.
 11758 | D:10     | Noticed Lavandula's ghost (novice HaEn)
 11759 | D:10     | Found a runed gate.
 11759 | D:10     | Found a runed gate.
 11993 | D:11     | Noticed a cyan ugly thing
 11999 | D:11     | Killed a cyan ugly thing
 12134 | D:11     | Reached ***** piety under Trog
 12134 | D:11     | Reached skill level 10 in Dodging
 12276 | D:11     | Noticed a queen ant
 12316 | D:11     | Killed a queen ant
 12334 | D:11     | Reached skill level 11 in Dodging
 12363 | D:11     | Reached XP level 12. HP: 73/73 MP: 16/16
 12520 | D:11     | Found a staircase to the Lair.
 12564 | D:12     | Noticed a two-headed ogre
 12584 | D:12     | Killed a two-headed ogre
 12584 | D:12     | Reached skill level 12 in Dodging
 12890 | D:11     | Killed a two-headed ogre
 13156 | D:11     | Noticed a three-headed hydra
 13160 | D:11     | Killed a three-headed hydra
 13333 | Lair:1   | Entered Level 1 of the Lair of Beasts
 13347 | Lair:1   | Found a gate leading to a gauntlet.
 13365 | Gauntlet | Entered a Gauntlet
 13365 | Gauntlet | Found a transporter.
 13365 | Gauntlet | Found a transporter.
 13369 | Gauntlet | Found a transporter.
 13373 | Gauntlet | Found a transporter.
 13373 | Gauntlet | Found a transporter.
 13373 | Gauntlet | Found a transporter.
 13390 | Gauntlet | Found a transporter.
 13391 | Gauntlet | Noticed a fire crab
 13394 | Gauntlet | Found a transporter.
 13403 | Gauntlet | Noticed a fire crab
 13409 | Gauntlet | Found a transporter.
 13409 | Gauntlet | Found a transporter.
 13409 | Gauntlet | Noticed a ghost crab
 13410 | Gauntlet | Found a transporter.
 13416 | Gauntlet | Found a transporter.
 13628 | D:8      | Bought the +2 hat of the Bear Spirit {Spirit, +Rage rN+
                  | MR++} for 391 gold pieces
 13628 | D:8      | Found the +2 hat of the Bear Spirit {Spirit, +Rage rN+
                  | MR++}
 13760 | Lair:1   | Found a runed door.
 13761 | Lair:1   | Noticed Ontamu's ghost (journeyman DEFE)
 13765 | Lair:1   | Identified the +4 trident of Dishonesty {pierce, rC+ MP+9}
 14853 | Lair:2   | Found a staircase to the Snake Pit.
 15084 | Lair:2   | Noticed Harold
 15092 | Lair:2   | Killed Harold
 15092 | Lair:2   | Reached XP level 13. HP: 78/78 MP: 19/19
 15450 | Lair:2   | Got a translucent leather armour
 15461 | Lair:2   | Identified the +1 leather armour of Sif Muna's Hatred
                  | {Slay+6 Stlth+} (You found it on level 2 of the Lair of
                  | Beasts)
 15727 | Lair:3   | Reached skill level 10 in Evocations
 15751 | Lair:3   | Found a frozen archway.
 15799 | Lair:3   | Found a staircase to the Shoals.
 15801 | IceCv    | Entered an ice cave
 15971 | IceCv    | Reached skill level 13 in Dodging
 16774 | IceCv    | Reached skill level 14 in Dodging
 16807 | IceCv    | Received a gift from Trog
 16873 | IceCv    | Noticed a frost giant
 16902 | IceCv    | Killed a frost giant
 17259 | Lair:3   | Received a gift from Trog
 17427 | Lair:3   | Noticed Urug
 17445 | Lair:3   | Killed Urug
 17445 | Lair:3   | Reached skill level 15 in Dodging
 17688 | Lair:3   | Found a runed gate.
 17692 | Lair:3   | Found a runed gate.
 17692 | Lair:3   | Found a runed gate.
 17692 | Lair:3   | Noticed melvinkitnick's ghost (journeyman DsMo)
 17959 | Shoals:1 | Entered Level 1 of the Shoals
 18295 | Lair:4   | Noticed a four-headed hydra
 18301 | Lair:4   | Killed a four-headed hydra
 18318 | Lair:4   | Noticed a six-headed hydra
 18324 | Lair:4   | Killed a six-headed hydra
 18324 | Lair:4   | Reached skill level 16 in Dodging
 18324 | Lair:4   | Reached XP level 14. HP: 84/84 MP: 21/21
 19414 | Lair:6   | Entered Level 6 of the Lair of Beasts
 19425 | Lair:6   | Reached skill level 10 in Fighting
 19451 | Lair:6   | Found a staircase to the Slime Pits.
 19451 | Lair:6   | Found a viscous altar of Jiyva.
 19686 | Lair:6   | Received a gift from Trog
 19689 | Lair:6   | Got a crystal short sword {god gift}
 19727 | Lair:6   | Identified the +7 short sword of Qumoryse {venom, rF+}
                  | (Trog gifted it to you on level 6 of the Lair of Beasts)
 19984 | Lair:6   | Found a large runed door.
 20123 | Lair:6   | Found a large runed door.
 21218 | D:12     | Noticed Azrael
 21308 | D:12     | Found a runed gate.
 21309 | D:12     | Found an opulent altar of Gozag.
 21312 | D:12     | Found a runed gate.
 21313 | D:12     | Found a runed gate.
 21317 | D:12     | Noticed a storm dragon
 21317 | D:12     | Noticed MisterFreud's ghost (journeyman FeBe)
 21627 | D:12     | Killed Azrael
 21627 | D:12     | Reached XP level 15. HP: 92/100 MP: 12/22
 22113 | D:13     | Found a white marble altar of Elyvilon.
 22234 | D:13     | You fall through a shaft for 2 floors!
 22234 | D:15     | Entered Level 15 of the Dungeon
 22734 | D:14     | Shot with an arrow by a centaur warrior

Vault maps used:
D:1:      minmay_arrival_four_circles, bh_walls_and_bars
D:2:      minmay_hedge_maze, eino_tiny_chamber
D:3:      grunt_ministairs_7
D:5:      minmay_general_purpose_star, minmay_temple_entry_trees, first_ration,
          minmay_misc_feat_diagonals, uniq_crazy_yiuf_cottage, uniq_menkaure
D:6:      gammafunk_steamed_eel, kennysheep_flooded_box, minmay_holes
D:7:      chequers_temple_overflow_minitemple
D:8:      serial_shops, nicolae_shop_stone
D:9:      uniq_maurice
D:10:     kennysheep_spiral_hall, ebering_ghost_gozag, serial_shops,
          nicolae_shop_trees, shop, shop, nicolae_shop_crystal
D:11:     dpeg_oklobed_lair, serial_undead, serial_undead_f, serial_undead_d,
          serial_undead_a, serial_undead_a, hangedman_ranch,
          minmay_another_anthill
D:12:     ebering_ghost_gozag, uniq_azrael
D:13:     gammafunk_ghost_spectres, basic_altar, nrook_mini_vaults
D:14:     nicolae_whirlpool, grunt_vaults_entry_fortified, serial_shops,
          bzr_entry_water, minmay_misc_feat_pillars, hangedman_corner_corridor
D:15:     hangedman_depths_entry_civil_slaughter, serial_shops, shop,
          minmay_tree_intersection
Lair:1:   ebering_ghost_funeral_grove, gauntlet_entry_generic,
          serial_bayou_shore_a, infiniplex_staircase_pool
Lair:2:   minmay_snake_entry_guardpost_small, grunt_megastairs_3, uniq_harold
Lair:3:   minmay_shoals_entry_beasts, gammafunk_ghost_necromancy,
          portal_ice_cave_entry_ice_beasts, infiniplex_staircase_pool_2,
          uniq_urug
Lair:4:   hangedman_lair_generics_rect
Lair:5:   grunt_megastairs_4
Lair:6:   cheibrodos_lair_end_hotspot, slime_altar_1,
          nicolae_volcano_entry_two_sided
Shoals:1: argonaut_golden_fleece
IceCv:    ice_cave_small_giant
Gauntlet: gammafunk_gauntlet_hard_choice

Skill      XL: |  1  2  3  4  5  6  7  8  9 10 11 12 13 14 15 |
---------------+----------------------------------------------+-----
Stealth        | 1 2 3 4 5 6 7 10 | 10.1
Short Blades   | 5 6 7 8 9 10 12 14 | 14.3
Shields        | 1 3 4 5 |  5.7
Evocations     | 6 9 10 | 10.1
Fighting       | 7 8 13 14 | 14.9
Dodging        | 11 12 16 | 16.0
Armour         | |  1.5

Action                   |  1- 3 |  4- 6 |  7- 9 | 10-12 | 13-15 || total
-------------------------+-------+-------+-------+-------+-------++-------
Melee: Short sword       |   114 |   196 |    23 |   371 |   894 ||  1598
       Rapier            |       |       |   353 |   552 |       ||   905
Invok: Berserk           |     1 |     6 |     9 |    18 |    13 ||    47
       Trog's Hand       |       |     1 |     1 |     4 |     6 ||    12
       Brothers in Arms  |       |       |       |     1 |     2 ||     3
Evoke: Wand              |       |       |       |     1 |     1 ||     2
  Use: Scroll            |     4 |     1 |     9 |     7 |     5 ||    26
       Potion            |       |       |       |     1 |       ||     1
 Stab: Sleeping          |     4 |     6 |     7 |    38 |    35 ||    90
       Distracted        |       |       |       |     5 |     3 ||     8
  Eat: Chunk             |    11 |    12 |    19 |    47 |    38 ||   127
Armor: Animal skin       |     1 |       |       |       |       ||     1
       Leather armour    |    27 |    30 |    63 |    79 |    69 ||   268
Dodge: Dodged            |   108 |   116 |   132 |   329 |   473 ||  1158
Block: Buckler           |       |       |    57 |   140 |   154 ||   351

Table legend:
 A = Non-vault XP
 B = Vault XP
 C = Vault XP percentage of total XP
 D = Non-vault monster count
 E = Vault monster count
 F = Vault count percentage of total count
                 A         B        C        D         E       F
            +---------+---------+-------+---------+---------+-------
      Total |   49085 |   35185 |  41.8 |     408 |     142 |  25.8
            +---------+---------+-------+---------+---------+-------
        D:1 |      12 |       0 |   0.0 |       7 |       0 |   0.0
        D:2 |      52 |       0 |   0.0 |      15 |       0 |   0.0
        D:3 |     161 |       5 |   3.0 |      23 |       2 |   8.0
        D:4 |     168 |       0 |   0.0 |       8 |       0 |   0.0
        D:5 |     782 |     212 |  21.3 |      21 |       3 |  12.5
        D:6 |     629 |       0 |   0.0 |      19 |       0 |   0.0
        D:7 |    1936 |       0 |   0.0 |      32 |       0 |   0.0
        D:8 |    1264 |       0 |   0.0 |      24 |       0 |   0.0
        D:9 |    2858 |     433 |  13.2 |      34 |       1 |   2.9
       D:10 |    3800 |     388 |   9.3 |      37 |       4 |   9.8
       D:11 |    3486 |    5146 |  59.6 |      28 |      35 |  55.6
       D:12 |    7274 |    2011 |  21.7 |      45 |       6 |  11.8
       D:13 |    1080 |       0 |   0.0 |       8 |       0 |   0.0
       D:14 |    2011 |     421 |  17.3 |       7 |       2 |  22.2
       D:15 |    3589 |    2568 |  41.7 |      13 |       3 |  18.8
     Lair:1 |    1644 |       0 |   0.0 |      11 |       0 |   0.0
     Lair:2 |     979 |    2118 |  68.4 |       6 |       7 |  53.8
     Lair:3 |    2725 |    2654 |  49.3 |      11 |      11 |  50.0
     Lair:4 |    1121 |    3196 |  74.0 |       5 |       6 |  54.5
     Lair:5 |    5562 |     252 |   4.3 |      21 |       2 |   8.7
     Lair:6 |    7952 |    6910 |  46.5 |      33 |      24 |  42.1
      IceCv |       0 |    8871 | 100.0 |       0 |      36 | 100.0
            +---------+---------+-------+---------+---------+-------
